 Dungeon Crawl Stone Soup version 0.28.0-47-ge53b351184 (webtiles) character file.

Game seed: 10714260413291434695

107 pkoi the Insei (level 4, -2/36 HPs)
             Began as a Demigod Gladiator on Apr 26, 2022.
             Killed from afar by Blork the orc (10 damage)
             ... with a puff of frost
             ... on level 3 of the Dungeon.
             The game lasted 00:06:07 (3774 turns).

pkoi the Insei (Demigod Gladiator)                  Turns: 3774, Time: 00:06:08

Health: -2/36      AC:  5    Str: 19    XL:     4   Next: 32%
Magic:  6/6        EV: 12    Int: 14    God:
Gold:   119        SH:  0    Dex: 15    Spells: 3/3 levels left

rFire   . . .      SeeInvis .   f - +3 short sword (drain)
rCold   . . .      Faith    .   (no shield)
rNeg    . . .      Spirit   .   p - +0 leather armour "Sanog" {Str+4}
rPois   .          Reflect  .   b - +1 helmet
rElec   .          Harm     .   (no cloak)
rCorr   .          Rampage  .   (no gloves)
Will    .....                   (no boots)
Stlth   +.........              (no amulet)
HPRegen 0.12/turn               (no ring)
MPRegen 0.10/turn               (no ring)

@: attractive
A: high MP 1, forlorn, divine attributes
a: no special abilities


You were on level 3 of the Dungeon.
You visited 1 branch of the dungeon, and saw 4 of its levels.

You collected 119 gold pieces.

Inventory:

Hand Weapons
 f - a +3 short sword of draining (weapon)
 o - a +0 dagger
 q - a +3 whip
Missiles
 c - 2 throwing nets (quivered)
 e - 8 poisoned darts
 k - 6 boomerangs
 n - 4 silver javelins
Armour
 a - a +0 leather armour
 b - a +1 helmet (worn)
 h - a +0 chain mail
 p - the +0 leather armour "Sanog" (worn) {Str+4}
   (You found it on level 3 of the Dungeon)

   Str:       It affects your strength (+4).
Scrolls
 i - 2 scrolls of amnesia
 m - a scroll of summoning {unknown}
Potions
 g - 2 potions of haste {unknown}
 j - a potion of ambrosia {unknown}
 l - a potion of lignification {unknown}


   Skills:
 + Level 2.2 Fighting
 + Level 1.0 Long Blades
 - Level 1.7 Throwing
 + Level 1.0 Armour
 + Level 3.0 Dodging
 - Level 4.0 Unarmed Combat


You had 3 spell levels left.
You didn't know any spells.
Your spell library was empty.

Dungeon Overview and Level Annotations

Branches:
Dungeon (4/15)
 Temple: D:4-7

Shops:
D:2 ?*=[(

Annotations:
D:3 Blork the orc


Innate Abilities, Weirdness & Mutations

You have an increased reservoir of magic. (+10% MP)
You shall have no god before yourself.
Your divine heritage dramatically boosts your attributes as you level up.


Message History

Blork the orc shouts!
Blork the orc casts a spell at you. The puff of flame hits you.
A ball python comes into view.
Blork the orc mumbles some strange words.
Blork the orc seems to speed up.
Found a stone staircase leading up.
Blork the orc hits you with a +3 flail of protection!
* * * LOW HITPOINT WARNING * * *
An orc comes into view. It is wielding a +0 hand axe.
Found 19 bolts.
An orc comes into view. It is wielding a +0 club.
The orc shouts!
You hear a shout!
An orc comes into view. It is wielding a +0 flail.
The orc shouts!
An orc comes into view. It is wielding a +0 mace.
The orc shouts! x2
Blork the orc miscasts a cantrip.
There is a stone staircase leading up here.
Blork the orc misses you. The orc closely misses you.
Blork the orc points at you and mumbles some strange words.
The magic dart hits you.
* * * LOW HITPOINT WARNING * * *
You climb upwards.
There is a stone staircase leading down here.
Unknown command.
You closely miss the orc. Blork the orc barely misses you. The orc misses you.
Blork the orc closely misses you.
You hit the orc. You drain the orc.
The orc is almost dead.
The orc hits you with a +0 hand axe.
* * * LOW HITPOINT WARNING * * *
Blork the orc hits you with a +3 flail of protection.
* * * LOW HITPOINT WARNING * * *
The orc closely misses you.
It was a potion of attraction.
You feel attractive to monsters.
Blork the orc points at you and mumbles some strange words.
The puff of frost hits you!
You die...

#.####......†).#
##.############.#
#..........# #.#
#..#######.# #.####
#..## ####)####....#
##...# #..)....####.#
...#.###.#####.# #.#
##.....#.# #.####.#
#.###...# #.o@o..#
#.# #...# #.####.#
#.###.#.#####.# #.#
##.....#.......####.#
.....######.####....#
#.#..# #.# #.##.#
..#..# #.# #.##.#
..#..#### #.# #.##.#
..#.....# #.# #.##.#


You could see Blork the orc (fast) and an orc (drained).

Vanquished Creatures
  An iguana (D:3)
  An adder (D:2)
  2 worms
  An adder skeleton (D:4)
  A dart slug (D:4)
  An orc (D:3)
  4 endoplasms
  2 giant cockroaches (D:1)
  5 goblins
  4 hobgoblins
  4 jackals (D:1)
  2 quokkas
  8 ball pythons
  6 bats
  A frilled lizard (D:2)
  8 kobolds
  6 rats
57 creatures vanquished.

Notes
Turn   | Place    | Note
-------+----------+-------------------------------------------
     0 | D:1      | pkoi the Demigod Gladiator began the quest for the Orb.
     0 | D:1      | Reached XP level 1. HP: 17/17 MP: 3/3
   449 | D:1      | Reached skill level 3 in Unarmed Combat
  1094 | D:1      | Reached XP level 2. HP: 17/20 MP: 4/4
  1647 | D:2      | Found Emmots's Jewellery Emporium.
  1650 | D:2      | Found Patycaq's Armour Shop.
  1665 | D:2      | Reached XP level 3. HP: 27/29 MP: 5/5
  1701 | D:2      | Found Cucaoff's Antique Weapon Shop.
  1707 | D:2      | Reached skill level 4 in Unarmed Combat
  2127 | D:2      | Found Iffucvo's Assorted Antiques.
  2207 | D:2      | Found Poutyplue's Magic Scroll Shoppe.
  2568 | D:3      | Identified the +0 leather armour "Sanog" {Str+4}
  2703 | D:3      | Noticed a sky beast
  3196 | D:3      | Reached XP level 4. HP: 29/36 MP: 6/6
  3559 | D:3      | Reached skill level 1 in Long Blades
  3610 | D:4      | Reached skill level 1 in Armour
  3745 | D:4      | Noticed Blork the orc
  3774 | D:3      | Killed from afar by Blork the orc

Illustrated notes

Levels and vault maps discovered:
D:1:      heliophobic_arrival_henge, layout_basic
D:2:      layout_basic, shapermc_ecumenical_altar_mp_highgroup, serial_shops,
          shop, shop, nicolae_shop_stone, shop_statue, shop
D:3:      layout_loops_ring, mainiacjoe_overflow_six_doors_small
D:4:      layout_cave_pools, marbit_many_paths, uniq_blork_the_orc, uniq_edmund,
          uniq_grinder

Skill      XL: |  1  2  3  4 |
---------------+-------------+-----
Unarmed Combat | 3 4 |  4.0
Fighting       | 2 |  2.2
Dodging        | 3 |  3.0
Long Blades    | 1 |  1.0
Armour         | 1 |  1.0
Throwing       | |  1.7

Action                   |  1- 3 |  4- 6 || total
-------------------------+-------+-------++-------
Melee: Unarmed           |    42 |       ||    42
       Short sword       |   121 |    27 ||   148
       Punch             |     3 |       ||     3
Throw: Throwing net      |     1 |       ||     1
  Use: Scroll            |     4 |     2 ||     6
       Potion            |       |     1 ||     1
 Stab: Sleeping          |     1 |     1 ||     2
Armor: Leather armour    |    35 |    14 ||    49
       Chain mail        |    57 |       ||    57
Dodge: Dodged            |   110 |    24 ||   134
